 Dungeon Crawl Stone Soup version 0.32-a0-120-gfac0567ad4 (console) character file.

Game seed: 5894482876669642050

3429 Banquo the Thaumaturge (level 10, -5/76 HPs)
             Began as a Djinni Air Elementalist on Feb 7, 2024.
             Slain by a killer bee (7 damage)
             ... on level 8 of the Dungeon.
             The game lasted 00:25:48 (8814 turns).

Banquo the Thaumaturge (Djinni Air Elementalist)    Turns: 8814, Time: 00:25:49

Health: -5/76      AC:  3    Str:  7    XL:     10   Next: 25%
Gold:   296        EV: 13    Int: 20    God:
                   SH:  4    Dex: 15

rFire   + + .        b - +2 dagger (venom)
rCold   x . .        i - +0 buckler
rNeg    . . .        n - +0 robe
rPois   ∞            o - +0 helmet
rElec   .            (no cloak)
rCorr   .            (no gloves)
SInv    .            (boots unavailable)
Will    +....        (no amulet)
Stlth   ++           (no ring)
HPRegen 0.32/turn    (no ring)
MPRegen 0.00/turn

%: infuse magic (-6 HP)
@: swift, flying, quick
A: sickness immunity, fire resistance 2, cold vulnerability 1, float, innate
caster, HP casting, extra vitality 1
a: no special abilities


You were on level 8 of the Dungeon.
You visited 2 branches of the dungeon, and saw 9 of its levels.
You also visited: Ossuary.

You collected 296 gold pieces.

Inventory:

Hand Weapons
 a - a +7 antimagic trident
 b - a +2 dagger of venom (weapon)
 e - a +0 vampiric whip
 m - a +0 short sword of flaming
 x - a +1 flail of protection
 F - a +2 short sword of speed
 H - a +2 whip of flaming
 K - a +1 dagger of electrocution
Missiles
 d - a throwing net
 l - 61 stones
Armour
 i - a +0 buckler (worn)
 n - a +0 robe (worn)
 o - a +0 helmet (worn)
 y - a +4 scale mail of fire resistance
 D - a +2 chain mail of cold resistance
Wands
 r - a wand of polymorph (9)
 C - a wand of mindburst (16)
Scrolls
 c - 3 scrolls of enchant weapon {unknown}
 f - 2 scrolls of acquirement {unknown}
 g - 5 scrolls of identify {unknown}
 h - 2 scrolls of summoning {unknown}
 k - 4 scrolls of poison {unknown}
 q - a scroll of noise {unknown}
 s - a scroll of fear {unknown}
 t - 2 scrolls of immolation {unknown}
 u - 2 scrolls of amnesia {unknown}
 A - a scroll of vulnerability {unknown}
 B - 2 scrolls of revelation {unknown}
 J - 4 scrolls of teleportation {unknown}
 N - a scroll of silence {unknown}
Potions
 j - a potion of enlightenment {unknown}
 p - 3 potions of mutation {unknown}
 v - 2 potions of degeneration
 w - a potion of berserk rage {unknown}
 z - a potion of ambrosia {unknown}
 E - a potion of curing
 G - a potion of might {unknown}
 I - a potion of brilliance {unknown}
 L - a potion of attraction {unknown}
 M - a potion of lignification {unknown}


   Skills:
 * Level 8.1 Fighting
 * Level 3.2 Armour
 * Level 4.3 Dodging
 - Level 1.5 Stealth
 * Level 2.0 Shields
 * Level 8.3 Spellcasting
 * Level 8.3 Conjurations
 * Level 8.3 Hexes
 * Level 8.3 Summonings
 * Level 8.3 Necromancy
 * Level 8.3 Translocations
 * Level 8.3 Fire Magic
 * Level 8.3 Ice Magic
 * Level 8.3 Air Magic
 * Level 8.3 Earth Magic
 * Level 8.3 Alchemy


You knew the following spells:

 Your Spells              Type           Power      Damage    Failure   Level
a - Shock                 Conj/Air       100%       1d9       1%          1
b - Anguish               Hex/Necr       20%        N/A       4%          4
d - Static Discharge      Conj/Air       82%        3-7/arc   1%          2
e - Slow                  Hex            100%       N/A       1%          1
f - Jinxbite              Hex            82%        N/A       1%          2
t - Tukima's Dance        Hex            41%        N/A       1%          3
z - Airstrike             Air            20%        2d(3-19)  4%          4
M - Swiftness             Air            41%        N/A       1%          3
Your spell library was empty.

Dungeon Overview and Level Annotations

Branches:
Dungeon (8/15)             Temple (1/1) D:6         Ossuary (visited)
   Lair: D:8-11

Altars:
Cheibriados
Dithmenos
Fedhas
Gozag
Hepliaklqana
Okawaru
Qazlal
Ru
Wu Jian
Xom

Shops:
D:1 (


Innate Abilities, Weirdness & Mutations

You are immune to sickness and miasma.
You are immune to poison.
Your flesh is very heat resistant. (rF++)
You are vulnerable to cold. (rC-)
You float through the air rather than walking.
You learn spells naturally, not from books.
Your magical power is your life essence.
You have superior vitality. (+4 MHP)


Message History

The killer bee attacks as it pursues you!
The killer bee barely misses you.
The killer bee attacks as it pursues you!
The killer bee stings you.
The orc priest calls upon Beogh to heal the orc warrior.
The orc warrior is healed somewhat.
The killer bee barely misses you.
The killer bee attacks as it pursues you!
The killer bee stings you!
* * * LOW HITPOINT WARNING * * *
The orc priest calls upon Beogh to heal the orc warrior.
The orc warrior's wounds heal themselves!
The killer bee closely misses you.
The killer bee attacks as it pursues you!
The killer bee stings you.
* * * LOW HITPOINT WARNING * * *
The killer bee barely misses you.
The killer bee attacks as it pursues you!
The killer bee stings you.
* * * LOW HITPOINT WARNING * * *
The killer bee attacks as it pursues you!
You block the killer bee's attack. The killer bee stings you.
* * * LOW HITPOINT WARNING * * *
The killer bee stings you.
* * * LOW HITPOINT WARNING * * *
The killer bee attacks as it pursues you!
You block the killer bee's attack. The killer bee barely misses you.
There is a stone staircase leading down here.
The killer bee closely misses you. The killer bee stings you!
* * * LOW HITPOINT WARNING * * *
You fly downwards.
You hear the roar of battle.
There is an entrance to a bailey on this level.
Hurry and find it before the portal closes forever!
There is a stone staircase leading up here.
You hit the killer bee.
The killer bee is poisoned.
The killer bee is lightly wounded.
The killer bee misses you. The killer bee closely misses you.
You completely miss the killer bee.
The killer bee is heavily wounded.
The killer bee barely misses you. The killer bee stings you!
You die...

####
#..
#y#
#@#
#.#
#.#
#.#
#..
###


You could see a killer bee (very poisoned).

Vanquished Creatures
  Pikel (D:6)
  A troll (D:5)
  Sigmund (D:3)
  A wyvern (D:7)
  Edmund (D:6)
  Duvessa (D:6)
  A black bear (D:5)
  A lemure (D:6)
  A centaur (D:7)
  3 elf zombies (Ossuary)
  A phantom (D:4)
  2 bullfrogs (D:6)
  A gnoll sergeant (D:7)
  2 scorpions
  Dowan (D:6)
  4 killer bees
  A bombardier beetle (D:2)
  6 howler monkeys (D:7)
  A jelly (D:6)
  3 orc priests
  4 hounds
  A human zombie (Ossuary)
  2 iguanas (D:5)
  5 orc wizards
  2 sleepcaps
  6 hound zombies (Ossuary)
  2 mummies (Ossuary)
  Robin (D:3)
  9 gnolls
  9 adders
  A white imp (D:5)
  7 adder zombies (Ossuary)
  2 ribbon worms (D:3)
  33 orcs
  3 bats
  6 endoplasms
  8 giant cockroaches
  13 goblins
  11 hobgoblins
  10 jackals
  11 kobolds
  7 quokkas
  7 ball pythons
  6 frilled lizards
  6 gnoll zombies (Ossuary)
  6 jackal zombies (Ossuary)
  4 kobold zombies (Ossuary)
  4 orc zombies (Ossuary)
  6 rats
226 creatures vanquished.

Notes
Turn   | Place    | Note
-------+----------+-------------------------------------------
     0 | D:1      | Banquo the Djinni Air Elementalist began the quest for the
                  | Orb.
     0 | D:1      | Banquo set off with the following spells memorised: Shock,
                  | Static Discharge, Swiftness, Airstrike.
     0 | D:1      | Reached XP level 1. HP: 15/15 MP: 0/0
    45 | D:1      | Found Gexyz's Weapon Shop.
    98 | D:1      | Reached XP level 2. HP: 17/22 MP: 0/0
   100 | D:1      | Reached skill level 1 in Fighting
   320 | D:1      | Reached XP level 3. HP: 22/27 MP: 0/0
   320 | D:1      | Learned a level 1 spell: Slow
   957 | D:2      | Found a faded altar of an unknown god.
  1028 | D:2      | Reached XP level 4. HP: 31/33 MP: 0/0
  1569 | D:2      | Reached XP level 5. HP: 25/40 MP: 0/0
  1569 | D:2      | Learned a level 2 spell: Jinxbite
  1702 | D:3      | Noticed Robin
  1710 | D:3      | Killed Robin
  1967 | D:3      | You are sucked into a shaft and drop 2 floors!
  1967 | D:5      | Entered Level 5 of the Dungeon
  1991 | D:5      | Noticed a black bear
  1994 | D:5      | Killed a black bear
  1995 | D:5      | Reached XP level 6. HP: 33/47 MP: 0/0
  2215 | D:5      | Reached XP level 7. HP: 35/52 MP: 0/0
  2215 | D:5      | Learned a level 3 spell: Tukima's Dance
  2217 | D:5      | Reached skill level 5 in Spellcasting
  2217 | D:5      | Reached skill level 5 in Conjurations
  2217 | D:5      | Reached skill level 5 in Hexes
  2217 | D:5      | Reached skill level 5 in Summonings
  2217 | D:5      | Reached skill level 5 in Necromancy
  2217 | D:5      | Reached skill level 5 in Translocations
  2217 | D:5      | Reached skill level 5 in Fire Magic
  2217 | D:5      | Reached skill level 5 in Ice Magic
  2217 | D:5      | Reached skill level 5 in Air Magic
  2217 | D:5      | Reached skill level 5 in Earth Magic
  2217 | D:5      | Reached skill level 5 in Alchemy
  2376 | D:5      | Found a sand-covered staircase.
  2422 | Ossuary  | Entered an ossuary
  3012 | Ossuary  | Reached skill level 5 in Fighting
  3309 | Ossuary  | Reached XP level 8. HP: 21/59 MP: 0/0
  3985 | D:4      | Found a shimmering altar of Xom.
  3985 | D:4      | Found a shimmering altar of Xom.
  3990 | D:4      | Found a shimmering altar of Xom.
  3990 | D:4      | Found a shimmering altar of Xom.
  3993 | D:4      | Found a shimmering altar of Xom.
  3993 | D:4      | Found a shimmering altar of Xom.
  3995 | D:4      | Found a shimmering altar of Xom.
  4348 | D:3      | Noticed Sigmund
  4350 | D:3      | Killed Sigmund
  6197 | D:4      | Found an ornate altar of the Wu Jian Council.
  6671 | D:5      | Noticed a troll
  6684 | D:5      | Killed a troll
  6685 | D:5      | Reached XP level 9. HP: 51/67 MP: 0/0
  6685 | D:5      | Learned a level 4 spell: Anguish
  7070 | D:6      | Noticed Edmund
  7077 | D:6      | Killed Edmund
  7194 | D:6      | Noticed Duvessa
  7226 | D:6      | Noticed Dowan
  7227 | D:6      | Killed Duvessa
  7231 | D:6      | Killed Dowan
  7517 | D:6      | Noticed Pikel
  7526 | D:6      | Killed Pikel
  7527 | D:6      | Reached skill level 1 in Armour
  7673 | D:6      | Found a staircase to the Ecumenical Temple.
  7680 | Temple   | Entered the Ecumenical Temple
  8126 | D:7      | Reached XP level 10. HP: 62/76 MP: 0/0
  8182 | D:7      | Reached skill level 1 in Shields
  8551 | D:7      | Found a snail-covered altar of Cheibriados.
  8811 | D:7      | HP: 1/76 [killer bee (7)]
  8814 | D:8      | Slain by a killer bee

Illustrated notes

Levels and vault maps discovered:
D:1:      roadster_arrival_rocket_small, layout_loops_ring, serial_shops,
          nicolae_shop_crystal
D:2:      layout_basic, hellmonk_ecumenical_altar_lost_god
D:3:      layout_basic, gup_sewer_entry_glass, st_stairs_3,
          wander_ebering_terrifying_dragon_lair, uniq_sigmund, uniq_robin
D:4:      layout_loops_cross, mainiacjoe_overflow_boulevard,
          nicolae_xom_altar_mimics, skrybe_limestone_x
D:5:      kennysheep_big_flooded_room, layout_basic,
          nicolae_ossuary_entry_monument
D:6:      layout_cave_pools, minmay_temple_entry_mini_moons, st_stairs_2,
          serial_bayou_crossing, uniq_edmund, uniq_duvessa, uniq_pikel
D:7:      layout_cave_pods, mainiacjoe_overflow_six_doors_small,
          general_overflow_altar, mainiacjoe_overflow_24_doors,
          chequers_temple_overflow_minitemple, grunt_ministairs_8,
          uniq_crazy_yiuf_cottage
D:8:      cheibrodos_two_vegetables, layout_loops_corners, lemuel_crystal_altar,
          enter_bailey_3, nicolae_houndstooth_variations
Temple:   hellmonk_temple_rainy

Skill      XL: |  1  2  3  4  5  6  7  8  9 10 |
---------------+-------------------------------+-----
Fighting       | 1 2 3 4 5 6 7 8 |  8.1
Spellcasting   | 4 5 7 8 |  8.3
Conjurations   | 4 5 7 8 |  8.3
Hexes          | 4 5 7 8 |  8.3
Summonings     | 4 5 7 8 |  8.3
Necromancy     | 4 5 7 8 |  8.3
Translocations | 4 5 7 8 |  8.3
Fire Magic     | 4 5 7 8 |  8.3
Ice Magic      | 4 5 7 8 |  8.3
Air Magic      | 4 5 7 8 |  8.3
Earth Magic    | 4 5 7 8 |  8.3
Alchemy        | 4 5 7 8 |  8.3
Armour         | 2 3 |  3.2
Dodging        | 3 4 |  4.3
Shields        | 2 |  2.0
Stealth        | |  1.5

Action                     |  1- 3 |  4- 6 |  7- 9 | 10-12 || total
---------------------------+-------+-------+-------+-------++-------
  Melee: Dagger            |       |       |       |     2 ||     2
   Cast: Shock             |    85 |   114 |   110 |       ||   309
         Airstrike         |       |     5 |   141 |    35 ||   181
         Static Discharge  |       |       |     7 |       ||     7
         Swiftness         |       |       |     1 |     1 ||     2
    Use: Potion            |       |       |     2 |       ||     2
 Armour: Robe              |     5 |    11 |    43 |    10 ||    69
  Dodge: Dodged            |     8 |    18 |    27 |     9 ||    62
  Block: Buckler           |       |       |       |     3 ||     3

Table legend: (Time is in decaauts)
 A = Elapsed time spent in this place.
 B = Non-inter-level travel time spent in this place.
 C = Inter-level travel time spent in this place.
 D = Time resting spent in this place.
 E = Time spent auto-exploring this place.
 F = Levels seen in this place.
 G = Mean time per level.
                   A        B        C        D        E       F      G
               +--------+--------+--------+--------+--------+-----+--------+
         Total |   8804 |   8205 |    599 |   1886 |   4454 |  10 |  880.4 |
       Dungeon |   7703 |   7104 |    599 |   1266 |   4423 |   8 |  962.9 |
        Temple |      1 |      1 |      0 |      0 |      0 |   1 |    1.0 |
       Ossuary |   1099 |   1099 |      0 |    620 |     31 |   1 | 1099.0 |
               +--------+--------+--------+--------+--------+-----+--------+

Top non-repeatable levels by time:
     D:3: 1488 daAuts
     D:4: 1394 daAuts
     D:5: 1172 daAuts
     D:6: 1168 daAuts
 Ossuary: 1099 daAuts
     D:2: 902 daAuts
     D:1: 795 daAuts
     D:7: 780 daAuts
  Temple: 1 daAuts
     D:8: 1 daAuts
